 Dungeon Crawl Stone Soup version 0.27-a0-1219-g958d993ae5 (webtiles) character file.

Game seed: 2553484941446411148

889 polve the Skirmisher (level 7, 0/56 HPs)
             Began as a Demonspawn Abyssal Knight on June 6, 2021.
             Was a Believer of Lugonu.
             Slain by a wraith (6 damage)
             ... on level 5 of the Dungeon.
             The game lasted 00:03:00 (3808 turns).

polve the Skirmisher (Demonspawn Abyssal Knight)    Turns: 3808, Time: 00:03:01

Health: 0/56       AC:  8    Str: 15    XL:     7   Next: 77%
Magic:  8/8        EV: 10    Int: 13    God:    Lugonu [**....]
Gold:   196        SH:  5    Dex: 12    Spells: 6/6 levels left

rFire    . . .     SeeInvis .   f - +1 trident (venom)
rCold    . . .     Faith    .   o - +0 buckler
rNeg     . . .     Spirit   .   x - +0 scale mail
rPois    .         Reflect  .   (no helmet)
rElec    .         Harm     .   h - +0 cloak
rCorr    .         Rampage  .   (no gloves)
Will     .....                  (no boots)
Stlth    ..........             (no amulet)
HPRegen  0.18/turn              (no ring)
MPRegen  0.11/turn              (no ring)

@: slowed, very slow
A: hooves 1, powered by pain 1, spiny 1
a: Renounce Religion, Depart the Abyss, Bend Space


You were on level 5 of the Dungeon.
You worshipped Lugonu.
Lugonu was pleased with you.
You visited 1 branch of the dungeon, and saw 5 of its levels.
You visited the Abyss 1 time.

You collected 196 gold pieces.

Inventory:

Hand Weapons
 a - a +1 short sword
 f - a +1 trident of venom (weapon)
Armour
 b - a +0 leather armour
 h - a +0 cloak (worn)
 o - a +0 buckler (worn)
 x - a +0 scale mail (worn)
Jewellery
 t - a ring of protection from cold
Wands
 k - a wand of flame (11)
Scrolls
 c - 6 scrolls of identify {unknown}
 e - a scroll of enchant armour {unknown}
 i - a scroll of immolation {unknown}
 l - a scroll of acquirement {unknown}
 n - 4 scrolls of amnesia {unknown}
 p - a scroll of fog {unknown}
 r - 2 scrolls of teleportation {unknown}
 v - a scroll of noise {unknown}
 w - a scroll of blinking {unknown}
Potions
 d - a potion of might {unknown}
 g - a potion of mutation {unknown}
 j - a potion of brilliance {unknown}
 m - a potion of curing {unknown}
 q - a potion of lignification {unknown}
 s - a potion of degeneration {unknown}
 u - a potion of ambrosia {unknown}


   Skills:
 - Level 5.5 Fighting
 - Level 3.0 Short Blades
 + Level 3.7 Armour
 + Level 3.3 Dodging
 - Level 4.0 Shields
 - Level 2.4 Invocations


You had 6 spell levels left.
You didn't know any spells.
Your spell library was empty.

Dungeon Overview and Level Annotations

Branches:
Dungeon (5/15)
 Temple: D:4-7

Altars:
Qazlal
Ru
Sif Muna

Shops:
D:5 [


Innate Abilities, Weirdness & Mutations

You have large cloven feet.
You sometimes gain a little power by taking damage.
You are partially covered in sharp spines.


Message History

You are too injured to fight recklessly!
You are too injured to fight recklessly!
You are too injured to fight recklessly!
You are too injured to fight recklessly!
Reach: f) +1 trident (venom)
Press: ? - help, Dir - move target, f/p - orc warrior
Aim: an orc warrior, wielding a +0 halberd and wearing a +0 plate armour (about 41% to evade your +1 trident of venom)
You reach to attack!
You barely miss the orc warrior. The orc warrior closely misses you.
The orc warrior hits you from afar with a +0 halberd!
Reach: f) +1 trident (venom)
Press: ? - help, Dir - move target, f/p - orc warrior
Aim: an orc warrior, wielding a +0 halberd and wearing a +0 plate armour (about 41% to evade your +1 trident of venom)
You reach to attack!
You hit the orc warrior.
The orc warrior is poisoned.
The orc warrior is lightly wounded.
The orc warrior barely misses you.
You see here a hound corpse.
The wraith hits you. The wraith drains your vigour!
You feel yourself slow down. The wraith closely misses you.
The orc warrior hits you from afar with a +0 halberd!
The wraith hits you. The wraith hits you. The wraith drains your vigour!
You feel as though you will be slow longer.
Reach: f) +1 trident (venom)
Press: ? - help, Dir - move target, f/p - orc warrior
Aim: an orc warrior, wielding a +0 halberd and wearing a +0 plate armour (almost dead, poisoned, about 41% to evade your +1 trident of venom)
The wraith is in the way.
You closely miss the wraith. Your kick misses the wraith.
The orc warrior looks more healthy.
You block the orc warrior's attack. The wraith is struck by your spines.
The wraith barely misses you.
The orc warrior hits you from afar with a +0 halberd!
* * * LOW HITPOINT WARNING * * *
Reach: f) +1 trident (venom)
Press: ? - help, Dir - move target, f/p - orc warrior
Aim: an orc warrior, wielding a +0 halberd and wearing a +0 plate armour (almost dead, about 41% to evade your +1 trident of venom)
The wraith is in the way.
You hit the wraith but do no damage.
The wraith is lightly damaged.
The wraith hits you.
You die...

#.####..8.8..## ########
#.####†.....##
####......# #o#........##
........o.####.#.###...##
.##+ #....#....#.# #####
## ####..o####.# .#
#..###..# #o# .# #..#
##.# #W# .# #..# .# #@#
.# #..# #.# #.# .#
#.†###..# #.# '#
#'##...## #.#
.#####..†..# #.#
.......##..#####.#
###..............#
#.###.#....#####
#######.#+#....#


You could see a wraith and an orc warrior.

Vanquished Creatures
  An ice beast (D:5)
  A necrophage (D:5)
  A black bear (D:5)
  A bullfrog (D:4)
  A scorpion (D:5)
  3 water moccasin skeletons
  2 howler monkeys
  A jelly (D:5)
  A hound (D:5)
  Ijyb (D:3)
  An orc wizard (D:3)
  2 hound zombies
  7 adders
  2 worms
  2 dart slugs (D:2)
  4 orcs
  7 ball pythons
  3 bats
  5 endoplasms
  4 giant cockroaches
  7 goblins
  6 hobgoblins
  3 jackals
  8 kobolds
  2 quokkas
  4 frilled lizards
  4 rats
84 creatures vanquished.

Notes
Turn   | Place    | Note
-------+----------+-------------------------------------------
     0 | Abyss:1  | polve the Demonspawn Abyssal Knight began the quest for the
                  | Orb.
     0 | Abyss:1  | Reached XP level 1. HP: 18/18 MP: 2/2
    58 | Abyss:1  | Found a corrupted altar of Lugonu.
   146 | Abyss:1  | Found a corrupted altar of Lugonu.
   193 | Abyss:1  | Noticed a ynoxinul
   194 | D:1      | Escaped the Abyss
   530 | D:1      | Gained mutation: You have large cloven feet. [demonic
                  | ancestry]
   530 | D:1      | Reached XP level 2. HP: 24/24 MP: 3/3
   606 | D:1      | Reached * piety under Lugonu
   643 | D:1      | Found a sacrificial altar of Ru.
  1015 | D:1      | You fall into a shaft and drop 1 floor!
  1020 | D:2      | Gained mutation: You sometimes gain a little power by
                  | taking damage. [demonic ancestry]
  1020 | D:2      | Reached XP level 3. HP: 27/29 MP: 4/4
  1211 | D:2      | Reached skill level 4 in Fighting
  1350 | D:2      | Gained mutation: You are partially covered in sharp spines.
                  | [demonic ancestry]
  1350 | D:2      | Reached XP level 4. HP: 37/37 MP: 5/5
  1460 | D:2      | Found a faded altar of an unknown god.
  1608 | D:3      | Found a shimmering blue altar of Sif Muna.
  1698 | D:3      | Reached ** piety under Lugonu
  1758 | D:3      | Noticed Ijyb
  1773 | D:3      | Killed Ijyb
  1774 | D:3      | Reached skill level 5 in Fighting
  2030 | D:3      | Reached XP level 5. HP: 44/44 MP: 6/6
  2243 | D:3      | Found a stormy altar of Qazlal.
  2738 | D:4      | Reached skill level 1 in Shields
  2739 | D:4      | Reached XP level 6. HP: 50/51 MP: 7/7
  3215 | D:5      | Entered Level 5 of the Dungeon
  3237 | D:5      | Noticed an ice beast
  3253 | D:5      | Killed an ice beast
  3254 | D:5      | Reached skill level 1 in Dodging
  3254 | D:5      | Reached XP level 7. HP: 50/56 MP: 8/8
  3662 | D:5      | Found Cusmaeh's Antique Armour Emporium.
  3780 | D:5      | Noticed a wraith
  3808 | D:5      | Slain by a wraith

Illustrated notes

Levels and vault maps discovered:
D:1:      pf_arrival_petrified_forest, layout_loops_ring, minmay_hexomino_r4
D:2:      layout_rooms, ebering_ecumenical_altar_rust, kennysheep_nub
D:3:      layout_basic, lemuel_round_altar, lemuel_tele_altar,
          gup_sewer_entry_bowl, uniq_ijyb
D:4:      layout_basic
D:5:      layout_basic, dk_yredelemnul_ordeal, zin_academy, okawaru_gym_becter,
          nicolae_gozag_cash_rules_everything_around_me, serial_shops,
          nicolae_shop_behind_doors, grunt_ministairs_9, minmay_divided_ellipse

Skill      XL: |  1  2  3  4  5  6  7 |
---------------+----------------------+-----
Short Blades   | 2 3 |  3.0
Fighting       | 4 5 |  5.5
Shields        | 2 4 |  4.0
Armour         | 2 3 |  3.7
Dodging        | 1 3 |  3.3
Invocations    | |  2.4

Action                   |  1- 3 |  4- 6 |  7- 9 || total
-------------------------+-------+-------+-------++-------
Melee: Short sword       |    40 |       |       ||    40
       Trident           |    46 |    97 |    34 ||   177
       Kick              |    14 |    24 |     9 ||    47
Invok: Depart the Abyss  |     1 |       |       ||     1
 Stab: Sleeping          |     1 |     1 |       ||     2
Armor: Leather armour    |    22 |    16 |     4 ||    42
Dodge: Dodged            |    38 |    47 |    19 ||   104
Block: Buckler           |       |     9 |     8 ||    17

Table legend: (Time is in decaauts)
 A = Elapsed time spent in this place.
 B = Non-inter-level travel time spent in this place.
 C = Inter-level travel time spent in this place.
 D = Time resting spent in this place.
 E = Time spent auto-exploring this place.
 F = Levels seen in this place.
 G = Mean time per level.
                   A        B        C        D        E       F      G
               +--------+--------+--------+--------+--------+-----+--------+
         Total |   3879 |   3651 |    228 |      0 |   3044 |   6 |  646.5 |
       Dungeon |   3685 |   3457 |    228 |      0 |   2851 |   5 |  737.0 |
         Abyss |    194 |    194 |      0 |      0 |    193 |   1 |  194.0 |
               +--------+--------+--------+--------+--------+-----+--------+

Top non-repeatable levels by time:
     D:3: 1016 daAuts
     D:1: 935 daAuts
     D:5: 617 daAuts
     D:2: 600 daAuts
     D:4: 516 daAuts
 Abyss:1: 194 daAuts
